 Dungeon Crawl Stone Soup version 0.25.0-46-gbd7b0854d2 (webtiles) character file.

Game seed: 8553599603119008542

195440 nikku the Slayer (level 17, -2/264 HPs)
             Began as a Minotaur Berserker on July 11, 2020.
             Was an Elder of Trog.
             Slain by a merfolk impaler
             ... wielding a +5 trident
              (6 damage)
             ... on level 3 of the Shoals on July 18, 2020.
             The game lasted 02:21:20 (42799 turns).

nikku the Slayer (Minotaur Berserker)              Turns: 42799, Time: 02:21:21

Health: -2/264     AC: 20    Str: 27    XL:     17   Next: 71%
Magic:  21/21      EV:  8    Int: 13    God:    Trog [****..]
Gold:   2927       SH: 23    Dex: 12    Spells: 16/16 levels left

rFire    + + .     SeeInvis +   a - +4 broad axe
rCold    . . .     Gourm    .   w - +0 tower shield
rNeg     + . .     Faith    .   v - +0 swamp dragon scales
rPois    +         Spirit   .   (helmet restricted)
rElec    .         Reflect  +   X - +1 cloak {Stlth+}
rCorr    +         Harm     .   t - +2 pair of gloves
MR       ++++.                  E - +1 pair of boots
Stlth    ..........             M - amulet of Qiewaem {Reflect rF++ Int+3 SH+5}
HPRegen  1.54/turn              n - ring of resist corrosion
MPRegen  0.17/turn              J - ring of Ponnurr {rN+ MR+ Int+6 Slay+3}

@: mighty, berserking (expiring), regenerating, hasted, very quick
A: retaliatory headbutt, horns 2, see invisible, evolution 1
}: 1/15 runes: serpentine
a: Berserk, Trog's Hand, Brothers in Arms, Renounce Religion


You were on level 3 of the Shoals.
You worshipped Trog.
Trog was greatly pleased with you.
You were hungry.

You visited 5 branches of the dungeon, and saw 31 of its levels.
You also visited: Bailey.

You collected 5123 gold pieces.
You spent 2196 gold pieces at shops.

Inventory:

Hand Weapons
 a - a +4 broad axe (weapon)
 Y - a +2 war axe of flaming
Missiles
 b - 28 javelins
 e - 21 silver javelins
 y - 57 poisoned darts (quivered)
Armour
 t - a +2 pair of gloves (worn)
 v - +0 swamp dragon scales (worn)
 w - a +0 tower shield (worn)
 E - a +1 pair of boots (worn)
 R - a +3 plate armour of fire resistance
 X - a +1 cloak of stealth (worn)
Jewellery
 m - an uncursed ring of poison resistance
 n - a ring of resist corrosion (left hand)
 G - the ring of Ynuss {+Blink rElec rN+ Str-5 Dex-3}
   (You found it in a bailey)

   [ring of positive energy]

   It affects your strength (-5).
   It affects your dexterity (-3).
   It insulates you from electricity.
   It protects you from negative energy.
   It lets you blink.
 J - the ring of Ponnurr (right hand) {rN+ MR+ Int+6 Slay+3}
   (You acquired it on level 5 of the Lair of Beasts)

   [ring of intelligence]

   It affects your intelligence (+6).
   It affects your accuracy and damage with ranged weapons and melee attacks
   (+3).
   It protects you from negative energy.
   It affects your resistance to hostile enchantments.
 M - the amulet of Qiewaem (around neck) {Reflect rF++ Int+3 SH+5}
   (You bought it in a shop on level 9 of the Dungeon)

   [amulet of reflection]

   It shields you and reflects attacks.
   It affects your intelligence (+3).
   It greatly protects you from fire.
   It affects your SH (+5).
 O - an uncursed amulet of faith
Wands
 q - a wand of disintegration (9)
 z - a wand of iceblast (8)
 B - a wand of polymorph (12)
 D - a wand of clouds (12)
 L - a wand of flame (70)
 P - a wand of acid (11)
 U - a wand of digging (10)
Scrolls
 g - 3 scrolls of fear
 h - 13 scrolls of identify
 j - 5 scrolls of blinking
 u - 15 scrolls of teleportation
 A - 4 scrolls of fog
 I - 4 scrolls of holy word
 K - 4 scrolls of magic mapping
 N - 6 scrolls of remove curse
Potions
 d - 9 potions of heal wounds
 f - 5 potions of lignification
 i - 2 potions of haste
 k - 18 potions of curing
 o - 2 potions of mutation
 r - 3 potions of invisibility
 x - 5 potions of cancellation
 V - a potion of resistance
Miscellaneous
 F - a lightning rod (4/4)
 W - a phial of floods
Comestibles
 c - 42 rations


   Skills:
 * Level 22.1 Fighting
 * Level 22.1 Axes
 - Level 13.9 Armour
 - Level 2.1 Dodging
 + Level 8.6 Shields
 + Level 7.8 Evocations


You had 16 spell levels left.
You didn't know any spells.
Your spell library was empty.

Dungeon Overview and Level Annotations

Branches:
Dungeon (15/15)            Temple (0/1) D:4            Lair (6/6) D:9
 Shoals (4/4) Lair:3        Snake (4/4) Lair:3        Slime (0/5) Lair:5
    Orc (2/2) D:12            Elf (0/3) Orc:2        Vaults (0/5) D:13
 Depths (0/5) D:15         Bailey (visited)

Altars:
Ashenzari
Dithmenos
Gozag
Kikubaaqudgha
Nemelex Xobeh
Okawaru
Ru
Sif Muna
Trog
Yredelemnul
The Shining One
Beogh
Jiyva

Shops:
D:6 =   D:7 :*(?   D:9 =   D:11 =%   D:12 }   D:15 :   Orc:2 :[*(*

Annotations:
D:8 exclusion: ice statue
D:12 3 runed translucent doors, Graouh's ghost, journeyman MiFi
Lair:2 3 runed translucent doors, Graouh's ghost, journeyman MiFi
Lair:3 exclusion: oklob plant
Lair:4 exclusion: oklob plant
Lair:6 exclusions: oklob plant and 1 more exclusion
Shoals:3 3 runed translucent doors, popps's ghost, adept GrFi
Snake:1 exclusion: downstairs


Innate Abilities, Weirdness & Mutations

You reflexively headbutt those who attack you in melee.
You have a pair of horns on your head.
You have supernaturally acute eyesight. (SInv)
You evolve.


Message History

You block the alligator snapping turtle's attack.
You barely miss the merfolk impaler. You headbutt the merfolk impaler!
The merfolk impaler is heavily wounded.
You closely miss the sea snake.
You slash the alligator snapping turtle!
You block the sea snake's attack. You block the merfolk impaler's attack.
You slice the merfolk impaler!!
The merfolk impaler is severely wounded.
You hit the alligator snapping turtle but do no damage.
You hit the sea snake. The sea snake bites you!
* * * LOW HITPOINT WARNING * * *
You block the merfolk impaler's attack.
The alligator snapping turtle bites you!!!
* * * LOW HITPOINT WARNING * * *
You slash the merfolk impaler!
The merfolk impaler is almost dead.
You closely miss the sea snake.
You hit the alligator snapping turtle but do no damage.
The merfolk impaler hits you with a +5 trident.
You die...

.≈≈≈≈≈≈≈≈≈...≈≈≈≈..###..≈≈≈≈≈≈≈..
≈≈≈≈≈≈≈≈≈≈≈.≈≈≈≈≈≈.....≈≈≈≈≈≈≈≈≈≈
≈≈≈≈≈≈≈≈≈≈≈≈≈≈≈≈≈≈≈....≈≈≈≈≈≈≈≈≈≈
≈≈≈..≈≈≈≈≈≈≈≈≈≈≈≈≈≈≈.≈≈≈≈≈≈≈≈≈≈≈≈
≈≈......≈≈≈≈≈≈≈≈≈≈≈≈≈≈≈≈≈≈≈≈≈≈≈≈≈
≈≈.###...≈≈≈≈≈≈≈≈≈≈.≈≈≈≈≈≈≈≈≈≈≈≈
≈≈.###....≈≈≈≈≈≈≈≈≈.≈≈.≈≈≈≈≈≈≈≈≈≈
≈≈≈.##...≈≈≈≈≈≈.†m≈≈≈≈≈≈≈≈≈≈≈≈≈≈≈
≈...##...≈≈≈≈≈..@t....≈≈≈≈≈≈≈≈≈≈≈
.........≈≈≈....S..###.≈≈≈≈≈≈≈≈≈≈
......≈............##..≈.≈≈≈≈≈≈≈≈
/.≈≈..............##...≈≈≈≈≈≈≈≈≈≈
.≈≈.≈≈≈...........#...≈≈≈≈≈≈≈≈≈≈≈
≈≈≈≈≈≈≈...###.[.......≈≈≈≈≈≈≈≈≈≈≈
.≈≈≈.....## #........≈≈≈≈≈≈≈≈≈≈≈≈
..≈≈≈.....###..≈≈....≈≈≈≈≈≈≈≈≈≈≈≈
≈≈≈≈≈≈≈≈...#........≈≈≈≈≈≈≈≈≈≈≈≈≈


You could see an alligator snapping turtle, a merfolk impaler and a sea snake.

Vanquished Creatures
  Vashnia (Snake:2)
  Nikola (Snake:3)
  8 nagarajas
  Louise (Shoals:1)
  Aizul (Snake:3)
  The ghost of Graouh the Bludgeoner, a journeyman MiFi of Okawaru (Orc:2)
  The ghost of Gwenloh the Impaler, a journeyman MfGl of Zin (Orc:2)
  A caustic shrike skeleton (D:15)
  A merfolk impaler (Shoals:2)
  2 merfolk javelineers (Shoals:3)
  The ghost of sixstringaxe the Cleaver, a journeyman MiFi of Trog (Orc:2)
  Harold (D:8)
  A vault guard (D:13)
  12 naga warriors
  Fannar (D:11)
  13 anacondas
  5 hydras
  2 merfolk avatars (Shoals:1)
  5 centaur warriors
  A vampire mage (D:15)
  6 two-headed ogres
  An orc high priest (Orc:2)
  15 naga sharpshooters
  The ghost of ZZKoverts the Chopper, a journeyman VSAr of Makhleb (Orc:2)
  Urug (Orc:1)
  5 shock serpents
  14 spriggans (Lair:6)
  Nergalle (Orc:2)
  A skeletal warrior (D:15)
  A salamander mystic (Snake:3)
  4 unseen horrors
  2 wizards
  19 sea snakes
  3 necromancers
  5 naga ritualists
  6 harpies
  A lindwurm (Lair:5)
  3 orc knights (Orc:2)
  6 mana vipers
  4 ugly things
  An orb spider (shapeshifter) (D:13)
  3 fauns (Shoals:2)
  A deep elf mage (D:14)
  An orc sorcerer (Orc:2)
  A stone giant zombie (D:15)
  7 manticores
  6 salamanders
  3 guardian serpents
  4 merfolk sirens
  12 centaur zombies
  2 cyclopes
  20 naga magi
  Psyche (D:7)
  32 black mambas
  Joseph (D:8)
  2 water nymphs
  A rime drake (Lair:5)
  5 spiny frogs
  An efreet (D:14)
  Maggie (D:7)
  A spriggan zombie (D:15)
  12 komodo dragons
  A yaktaur zombie (D:15)
  A kobold demonologist (D:11)
  A guardian mummy (D:15)
  12 merfolk
  6 trolls
  2 harpy zombies (Shoals:1)
  2 wind drakes
  2 polar bears (Lair:6)
  9 hornets
  4 blink frogs (Lair:6)
  4 snapping turtles
  Prince Ribbit (D:5)
  6 dream sheep (Lair:6)
  21 hippogriffs
  A wyvern (D:13)
  A vampire (D:12)
  3 water elementals
  30 yaks
  A shadow (D:14)
  A hungry ghost (D:7)
  4 hogs (D:9)
  22 humans
  A basilisk (D:14)
  Grum (D:11)
  The ghost of manif the Skirmisher, an amateur GrFi (D:4)
  A soldier ant (D:10)
  64 nagas
  8 water moccasins
  10 porcupines
  2 sky beasts
  Duvessa (D:5)
  6 black bears
  17 orc warriors
  A phantom (D:10)
  3 ice beasts
  A necrophage (D:12)
  8 boggarts
  7 ogres
  24 wolves
  19 centaurs
  10 crocodiles
  4 big kobolds
  13 bullfrogs
  2 hippogriff zombies (Shoals:1)
  Blork the orc (D:4)
  Dowan (D:5)
  8 gnoll sergeants (Bailey)
  A wyvern zombie (D:10)
  A water moccasin skeleton (D:7)
  4 scorpions
  4 killer bees (D:8)
  14 wights
  5 howler monkeys
  6 electric eels
  2 bullfrog zombies
  6 crimson imps
  5 hounds
  3 jellies
  21 orc wizards
  4 centaur skeletons
  10 orc priests
  7 gnoll shamans
  2 bullfrog skeletons
  An iguana (D:9)
  Jessica (D:2)
  13 worker ants
  A hound zombie (D:11)
  3 hound skeletons
  2 worker ant zombies
  27 gnolls
  11 adders
  A river rat (D:5)
  10 shadow imps
  An ooze (D:5)
  3 adder skeletons
  3 worms
  2 dart slugs
  6 leopard geckos
  41 orcs
  6 bats
  3 giant cockroaches
  9 goblins
  5 hobgoblins
  11 jackals
  9 quokkas
  A ball python (D:5)
  A ball python skeleton (D:4)
  2 frilled lizards
  41 kobolds
  15 rats
  A fungus (Lair:6)
  5 plants
956 creatures vanquished.

Vanquished Creatures (collateral kills)
  An orc warlord (Orc:2)
  2 naga warriors
  5 naga sharpshooters
  A sea snake (Snake:2)
  A naga mage (Snake:2)
  3 merfolk (Shoals:3)
  A warg (Orc:2)
  2 nagas
  2 orc warriors (Orc:2)
  An orc (Orc:2)
19 creatures vanquished.

Vanquished Creatures (others)
  12 fungi
  8 plants
20 creatures vanquished.

Grand Total: 995 creatures vanquished

Notes
Turn   | Place    | Note
-------+----------+-------------------------------------------
     0 | D:1      | nikku the Minotaur Berserker began the quest for the Orb.
     0 | D:1      | Reached XP level 1. HP: 19/19 MP: 0/0
   467 | D:1      | Reached XP level 2. HP: 27/27 MP: 1/1
  1173 | D:2      | Reached XP level 3. HP: 33/33 MP: 2/2
  1242 | D:2      | Noticed Jessica
  1247 | D:2      | Killed Jessica
  1371 | D:2      | Reached XP level 4. HP: 39/41 MP: 3/3
  1591 | D:2      | Reached ** piety under Trog
  2084 | D:3      | Noticed a big kobold
  2096 | D:3      | Killed a big kobold
  2096 | D:3      | Reached skill level 5 in Fighting
  2096 | D:3      | Reached skill level 5 in Axes
  2096 | D:3      | Reached XP level 5. HP: 41/48 MP: 4/4
  2176 | D:3      | Noticed a moth of wrath
  2179 | D:3      | Found a bloodstained altar of Trog.
  2563 | D:3      | Reached XP level 6. HP: 56/57 MP: 5/5
  3376 | D:4      | Found a staircase to the Ecumenical Temple.
  3459 | D:4      | Found a shattered altar of Ashenzari.
  3527 | D:4      | Noticed Blork the orc
  3537 | D:4      | Killed Blork the orc
  3537 | D:4      | Reached XP level 7. HP: 64/64 MP: 6/6
  3653 | D:4      | Found a runed translucent door.
  3656 | D:4      | Noticed manif's ghost (amateur GrFi)
  3785 | D:4      | Found a sacrificial altar of Ru.
  4027 | D:4      | Killed manif's ghost
  4027 | D:4      | Reached skill level 5 in Armour
  4299 | D:5      | Entered Level 5 of the Dungeon
  4300 | D:5      | Noticed Duvessa
  4300 | D:5      | Noticed Dowan
  4313 | D:5      | Killed Duvessa
  4315 | D:5      | Killed Dowan
  4614 | D:5      | Noticed Prince Ribbit
  4844 | D:5      | Reached XP level 8. HP: 73/74 MP: 7/7
  5121 | D:5      | Killed Prince Ribbit
  5198 | D:5      | Found a shimmering blue altar of Sif Muna.
  5898 | D:6      | Found Recestai's Jewellery Shop.
  5902 | D:6      | Found a shadowy altar of Dithmenos.
  6607 | D:6      | Found an opulent altar of Gozag.
  6607 | D:6      | Found a sparkling altar of Nemelex Xobeh.
  6735 | D:6      | Reached *** piety under Trog
  7389 | D:7      | Reached XP level 9. HP: 55/84 MP: 8/8
  7682 | D:7      | Found Eroifuc's General Store.
  7714 | D:7      | Reached **** piety under Trog
  7714 | D:7      | Reached skill level 10 in Axes
  7748 | D:7      | Reached skill level 10 in Fighting
  7976 | D:7      | Found Kairphotykh's Book Emporium.
  7991 | D:7      | Found Wuacutzi's Weapon Shop.
  8126 | D:7      | Found Gadgheezy's Magic Scroll Shop.
  8130 | D:7      | Bought a scroll of teleportation for 36 gold pieces
  8130 | D:7      | Bought a scroll of teleportation for 36 gold pieces
  8132 | D:7      | Noticed Maggie
  8144 | D:7      | Killed Maggie
  9082 | D:8      | Noticed Joseph
  9095 | D:8      | Killed Joseph
  9099 | D:8      | Noticed a two-headed ogre
  9258 | D:8      | Killed a two-headed ogre
  9258 | D:8      | Reached XP level 10. HP: 96/96 MP: 9/9
  9328 | D:8      | Noticed Harold
  9331 | D:8      | Noticed Psyche
  9343 | D:7      | Killed Psyche
  9410 | D:8      | Killed Harold
  9700 | D:8      | Found an ancient bone altar of Kikubaaqudgha.
  9883 | D:8      | Noticed an ice statue
 10052 | D:9      | Found a sacrificial altar of Ru.
 10085 | D:9      | Found an iron altar of Okawaru.
 10087 | D:9      | Noticed a cyclops
 10502 | D:9      | Found a staircase to the Lair.
 10612 | D:9      | Killed a cyclops
 10698 | D:9      | Found Rees's Jewellery Emporium.
 10737 | D:9      | Reached XP level 11. HP: 106/106 MP: 10/10
 10850 | D:9      | Found a basalt altar of Yredelemnul.
 11279 | D:10     | Entered Level 10 of the Dungeon
 11903 | D:10     | Noticed a two-headed ogre
 11913 | D:10     | Killed a two-headed ogre
 12308 | D:10     | Reached skill level 10 in Armour
 12429 | D:11     | Found Vaenk's Food Shoppe.
 12455 | D:11     | Noticed Grum
 12468 | D:11     | Gained mutation: You are clumsy. (Dex -2) [a neqoxec]
 12482 | D:11     | Killed Grum
 12496 | D:11     | Noticed a four-headed hydra
 12753 | D:11     | Found Uxkiuloq's Jewellery Shoppe.
 12800 | D:11     | Found a flagged portal.
 12805 | Bailey   | Entered a bailey
 13036 | Bailey   | Got a pitted jade ring
 13256 | Bailey   | Identified the ring of Ynuss {+Blink rElec rN+ Str-5 Dex-3}
                  | (You found it in a bailey)
 13312 | D:11     | Killed a nine-headed hydra
 13709 | D:11     | Noticed a two-headed ogre
 13715 | D:11     | Killed a two-headed ogre
 13715 | D:11     | Reached XP level 12. HP: 111/118 MP: 11/11
 13856 | D:9      | Bought the amulet of Qiewaem {Reflect rF++ Int+3 SH+5} for
                  | 972 gold pieces
 13873 | Lair:1   | Entered Level 1 of the Lair of Beasts
 14364 | Lair:1   | Reached skill level 15 in Axes
 14551 | Lair:1   | Reached skill level 15 in Fighting
 15005 | Lair:2   | Found a runed translucent gate.
 15005 | Lair:2   | Found a runed translucent gate.
 15005 | Lair:2   | Found a runed translucent gate.
 15013 | Lair:2   | Noticed Graouh's ghost (journeyman MiFi)
 15015 | Lair:2   | Noticed a minotaur
 16799 | Lair:3   | Noticed a four-headed hydra
 16807 | Lair:3   | Killed a six-headed hydra
 16917 | Lair:3   | Found a staircase to the Snake Pit.
 17179 | Lair:3   | Found a staircase to the Shoals.
 17908 | Lair:4   | Reached ***** piety under Trog
 18502 | Lair:5   | Reached XP level 13. HP: 118/128 MP: 12/12
 18582 | Lair:5   | Found a staircase to the Slime Pits.
 18582 | Lair:5   | Found a viscous altar of Jiyva.
 19299 | Lair:5   | Identified a scroll of acquirement
 19299 | Lair:5   | Acquired the ring of Ponnurr {rN+ MR+ Int+6 Slay+3}
 19336 | Lair:6   | Entered Level 6 of the Lair of Beasts
 21115 | Lair:6   | Found a glowing golden altar of the Shining One.
 21579 | D:11     | Noticed Fannar
 21596 | D:11     | Killed Fannar
 21948 | D:12     | Found a staircase to the Orcish Mines.
 22111 | D:12     | Found Xiymoi's Gadget Shop.
 22301 | D:12     | Found a runed translucent gate.
 22302 | D:12     | Found a runed translucent gate.
 22302 | D:12     | Noticed Graouh's ghost (journeyman MiFi)
 22303 | D:12     | Found a runed translucent gate.
 22589 | Orc:1    | Entered Level 1 of the Orcish Mines
 22682 | Orc:2    | Entered Level 2 of the Orcish Mines
 22757 | Orc:2    | Found a runed translucent gate.
 22758 | Orc:2    | Found a runed translucent gate.
 22759 | Orc:2    | Found Ithog's General Store.
 22759 | Orc:2    | Found a runed translucent gate.
 22760 | Orc:2    | Noticed Graouh's ghost (journeyman MiFi)
 22760 | Orc:2    | Noticed sixstringaxe's ghost (journeyman MiFi)
 22760 | Orc:2    | Noticed Gwenloh's ghost (journeyman MfGl)
 22760 | Orc:2    | Noticed ZZKoverts's ghost (journeyman VSAr)
 22776 | Orc:1    | Noticed Urug
 22786 | Orc:1    | Killed Urug
 22895 | Orc:2    | Killed sixstringaxe's ghost
 22898 | Orc:2    | Killed ZZKoverts's ghost
 22898 | Orc:2    | Reached XP level 14. HP: 140/140 MP: 13/13
 22907 | Orc:2    | Killed Graouh's ghost
 22911 | Orc:2    | Killed Gwenloh's ghost
 22922 | Orc:2    | Identified the Volume of Dislocated Transformation
 23465 | Orc:2    | Noticed an orc warlord
 23492 | Orc:2    | Killed an orc warlord
 23552 | Orc:2    | Reached skill level 1 in Shields
 23738 | Orc:2    | Noticed Nergalle
 23744 | Orc:2    | Found a roughly hewn altar of Beogh.
 24118 | Orc:2    | Killed Nergalle
 24234 | Orc:2    | Found Vifuiz's General Store.
 24241 | Orc:2    | Found Saskiut's Book Shop.
 24572 | Orc:2    | Found Buen's Antique Armour Shop.
 24706 | Orc:2    | Found a staircase to the Elven Halls.
 24728 | Orc:2    | Found Laniy's Antique Weapon Shop.
 24915 | Orc:2    | Bought a shiny plate armour for 832 gold pieces
 25841 | D:13     | Found a gate to the Vaults.
 26424 | D:13     | Found a glowing golden altar of the Shining One.
 26974 | D:14     | Reached skill level 1 in Evocations
 27441 | D:15     | Entered Level 15 of the Dungeon
 27461 | D:15     | Found Mavap's Book Boutique.
 27648 | D:15     | Found Luuvuusu's Magic Scroll Shoppe.
 27705 | D:15     | Reached XP level 15. HP: 151/151 MP: 15/15
 27933 | D:15     | Found a staircase to the Depths.
 28609 | D:11     | Bought an uncursed ring of resist corrosion for 320 gold
                  | pieces
 28724 | Snake:1  | Entered Level 1 of the Snake Pit
 29498 | Snake:1  | Upgraded the game from 0.25.0-45-g978344163c to
                  | 0.25.0-46-gbd7b0854d2
 32093 | Snake:2  | Noticed Vashnia
 32113 | Snake:2  | Killed Vashnia
 32342 | Snake:2  | Reached XP level 16. HP: 163/163 MP: 18/18
 32345 | Snake:2  | Reached skill level 5 in Evocations
 34084 | Snake:3  | Noticed Aizul
 34105 | Snake:3  | Killed Aizul
 34451 | Snake:3  | Noticed Nikola
 34463 | Snake:3  | Killed Nikola
 34463 | Snake:3  | Reached skill level 5 in Shields
 35780 | Snake:3  | Acquired 1550 gold pieces
 35810 | Snake:4  | Entered Level 4 of the Snake Pit
 37246 | Snake:4  | Reached XP level 17. HP: 144/173 MP: 21/21
 38756 | Snake:4  | Got a serpentine rune of Zot
 38943 | Shoals:1 | Entered Level 1 of the Shoals
 38950 | Shoals:1 | Noticed Louise
 38984 | Shoals:1 | Killed Louise
 39948 | Shoals:2 | Lost mutation: You are clumsy. (Dex -2) [potion of
                  | mutation]
 39948 | Shoals:2 | Gained mutation: Your body sometimes deteriorates upon
                  | taking damage. [potion of mutation]
 39948 | Shoals:2 | Gained mutation: Your movements are slightly less
                  | encumbered by armour. (ER -2) [potion of mutation]
 39949 | Shoals:2 | Lost mutation: Your body sometimes deteriorates upon taking
                  | damage. [potion of mutation]
 39949 | Shoals:2 | Lost mutation: Your movements are slightly less encumbered
                  | by armour. (ER -2) [potion of mutation]
 39949 | Shoals:2 | Gained mutation: You evolve. [potion of mutation]
 39949 | Shoals:2 | Gained mutation: You have supernaturally acute eyesight.
                  | (SInv) [potion of mutation]
 40343 | Shoals:2 | Identified Sorghen's Incunabulum of Earthen Orientation
 41077 | Shoals:3 | Found the +7 captain's cutlass {speed, disarm}
 41475 | Shoals:3 | Noticed popps's ghost (adept GrFi)
 41481 | Shoals:3 | Found a runed translucent gate.
 41481 | Shoals:3 | Found a runed translucent gate.
 41837 | Shoals:3 | Found a runed translucent gate.
 42761 | Shoals:4 | Entered Level 4 of the Shoals
 42798 | Shoals:3 | HP: 3/264 [alligator snapping turtle (36)]
 42799 | Shoals:3 | Slain by a merfolk impaler

Illustrated notes

Levels and vault maps discovered:
D:1:      lightli_molten_gateway, layout_loops_ring, serial_park_tiny_1
D:2:      layout_loops_corners, first_ration, uniq_jessica
D:3:      cheibrodos_thug_alley, layout_basic, tgw_trog
D:4:      layout_loops_ring, old_standard_altar, minmay_temple_entry_waves,
          ebering_ghost_sewer_d, minmay_misc_feat_pillars,
          chequers_serial_rivers_micro_e, kennysheep_doodads,
          nicolae_ru_awakened_eye, uniq_blork_the_orc
D:5:      layout_basic, lemuel_blue_sif_altar, portal_sewer_entry_b,
          uniq_duvessa, uniq_prince_ribbit1
D:6:      kennysheep_kobold_camp, layout_loops_ring,
          grunt_temple_overflow_opulence, nicolae_dithmenos_shadow_blocks,
          serial_shops, shop, minivault_5, minmay_joined_circles
D:7:      layout_basic, serial_shops, shop, shop, kennysheep_mini,
          nicolae_shop_stone, uniq_maggie
D:8:      lemuel_ice_statue, layout_cave_pools, kennysheep_little_box,
          uniq_psyche, uniq_harold, uniq_joseph
D:9:      layout_roguey, kennysheep_mini_moat, grunt_temple_overflow_open,
          dpeg_oklobed_lair, serial_shops, nicolae_shop_trees, grunt_livestock
D:10:     layout_long_grid
D:11:     layout_rooms, enter_bailey_2, serial_shops, shop, nicolae_shop_stone,
          hangedman_abyss_or_decor_stagger, uniq_grum, uniq_fannar
D:12:     layout_irregular_city, orc_0_dummy, gammafunk_ghost_necromancy,
          serial_shops, shop
D:13:     layout_basic, grunt_vaults_entry_tiered, tso_altar
D:14:     layout_roguey
D:15:     gammafunk_depths_entry_grave, layout_cave_pods, serial_shops, shop,
          shop
Lair:1:   layout_chaotic_city, gauntlet_entry_generic, lemuel_fruit_fields
Lair:2:   layout_layer_cave, maelrawn_ghost_gauntlet_escape,
          nicolae_quartered_pool_super, serial_bayou_lake_a
Lair:3:   layout_regular_city, elwin_shoals_entry_rooms,
          guppyfry_snake_entry_island, infiniplex_staircase_pool,
          serial_bayou_shore_b, lemuel_fruit_fields
Lair:4:   layout_gridlike, grunt_megastairs_5, lemuel_fruit_tree,
          minmay_lair_oklob_chamber
Lair:5:   layout_loops_ring, slime_altar_1, serial_bayou_shore_b
Lair:6:   minmay_lair_end_enchanted_forest, layout_regular_city,
          lemuel_centaur_altar
Shoals:1: layout_shoals, nicolae_shoals_undead_eyrie, uniq_louise
Shoals:2: layout_shoals
Shoals:3: layout_shoals, gammafunk_ghost_split
Shoals:4: shoals_end_hangedman, layout_shoals
Snake:1:  layout_rooms, grunt_megastairs_4
Snake:2:  layout_basic, uniq_vashnia
Snake:3:  layout_layer_cave, uniq_nikola, uniq_aizul
Snake:4:  minmay_snake_end_coiled, layout_gridlike, serial_bayou_shore_a,
          serial_bayou_shore_b
Orc:1:    layout_diamond_mine, uniq_urug
Orc:2:    grunt_orc_cross, layout_diamond_mine, gammafunk_ghost_cemetery,
          serial_shops, shop

Skill      XL: |  1  2  3  4  5  6  7  8  9 10 11 12 13 14 15 16 17 |
---------------+----------------------------------------------------+-----
Fighting       | 4 5 6 8 9 11 12 14 16 17 18 20 21 22 | 22.1
Axes           | 4 5 6 8 9 11 13 14 16 17 18 20 21 22 | 22.1
Armour         | 3 4 5 6 8 9 10 11 13 | 13.9
Shields        | 4 6 8 |  8.6
Evocations     | 1 4 6 7 |  7.8
Dodging        | |  2.1

Action                   |  1- 3 |  4- 6 |  7- 9 | 10-12 | 13-15 | 16-18 || total
-------------------------+-------+-------+-------+-------+-------+-------++-------
Melee: Hand axe          |    54 |   174 |       |       |       |       ||   228
       Headbutt          |     5 |    28 |    57 |   117 |   189 |   191 ||   587
       Broad axe         |       |       |   331 |   571 |   964 |   806 ||  2672
Throw: Dart              |       |       |     3 |     4 |    47 |    57 ||   111
Invok: Trog's Hand       |       |     2 |     9 |    24 |    35 |    22 ||    92
       Berserk           |       |     1 |     5 |    14 |    20 |     9 ||    49
       Brothers in Arms  |       |       |       |       |     8 |     6 ||    14
  Use: Scroll            |     4 |     6 |    11 |    18 |    10 |     3 ||    52
       Potion            |       |       |       |       |     1 |     4 ||     5
 Stab: Sleeping          |     1 |       |       |       |       |       ||     1
  Eat: Chunk             |     1 |     8 |    22 |    45 |    52 |    25 ||   153
       Ration            |       |       |     2 |     2 |     8 |     8 ||    20
Armor: Leather armour    |     5 |    11 |       |       |       |       ||    16
       Ring mail         |       |    56 |   112 |       |       |       ||   168
       Swamp dragon scal |       |       |    11 |   321 |   344 |   212 ||   888
Dodge: Dodged            |    34 |   117 |   229 |   366 |   307 |   125 ||  1178
Block: Other             |       |       |       |    42 |    49 |       ||    91
       Reflection        |       |       |       |       |    37 |   115 ||   152
       Buckler           |       |       |       |       |   249 |    15 ||   264
       Tower shield      |       |       |       |       |       |   755 ||   755
